 Dungeon Crawl Stone Soup version 0.29.0-4-gdea44cf6ec (webtiles) character file.

Game seed: 4871610121560651237

38 qw the Ruffian (level 3, -4/28 HPs)
             Began as a Ghoul Fire Elementalist on Aug 30, 2022.
             Slain by Sigmund
             ... wielding a +0 scythe
              (8 damage)
             ... on level 2 of the Dungeon.
             The game lasted 00:01:46 (3101 turns).

qw the Ruffian (Ghoul Fire Elementalist)            Turns: 3101, Time: 00:01:47

Health: -4/28      AC:  3    Str: 13    XL:     3   Next: 43%
Magic:  4/4        EV: 11    Int: 10    God:
Gold:   26         SH:  0    Dex:  9    Spells: 4/5 levels left

rFire   . . .      SeeInvis .     - Unarmed
rCold   + . .      Faith    .   (no shield)
rNeg    + + +      Spirit   .   c - +0 leather armour
rPois   inf        Reflect  .   (no helmet)
rElec   .          Harm     .   (no cloak)
rCorr   .          Rampage  .   (no gloves)
Will    .....                   (no boots)
Stlth   +.........              (no amulet)
HPRegen 0.00/turn               (no ring)
MPRegen 0.09/turn               (no ring)

@: inhibited regen
A: claws 1, cold resistance 1, negative energy resistance 3, inhibited
regeneration, torment resistance 2, devour on kill
a: no special abilities


You were on level 2 of the Dungeon.
You visited 1 branch of the dungeon, and saw 2 of its levels.

You collected 26 gold pieces.


Innate Abilities, Weirdness & Mutations

You are immune to poison.
You have sharp fingernails.
Your flesh is cold resistant. (rC+)
You are immune to negative energy. (rN+++)
You do not regenerate when monsters are visible.
You are immune to unholy pain and torment.
You thrive by killing the living.


   Skills:
 - Level 1.1 Fighting
 - Level 1.7 Dodging
 - Level 2.1 Stealth
 + Level 2.9 Unarmed Combat
 - Level 1.7 Spellcasting
 - Level 0.7 Conjurations
 - Level 2.4 Fire Magic


You had 4 spell levels left.
You knew the following spells:

 Your Spells              Type           Power      Damage    Failure   Level
a - Foxfire               Conj/Fire      16%        2x1d4     22%         1

Your spell library contained the following spells:

 Spells                   Type           Power      Damage    Failure   Level
 Scorch                   Fire           10%        2d6       22%         2
 Conjure Flame            Conj/Fire      4%         6-21      54%         3
 Inner Flame              Hex/Fire       3%         N/A       58%         3
 Flame Wave               Conj/Fire      4%         2d5       91%         4

Inventory:

Missiles
 e - 3 boomerangs (quivered)
Armour
 a - a +0 ring mail
 b - a +0 chain mail
 c - a +0 leather armour (worn)
Scrolls
 Y - 2 scrolls of identify
Potions
 f - a potion of mutation
 g - a potion of attraction {unknown}
 h - 2 potions of resistance {unknown}

Dungeon Overview and Level Annotations

Branches:
Dungeon (2/15)

Altars:

Annotations:
D:2 1 runed translucent door, Crazy Yiuf, Sigmund


Message History

You scratch Sigmund.
Sigmund is moderately wounded.
You closely miss Sigmund.
Sigmund is moderately wounded.
Sigmund barely misses you.
You closely miss Sigmund.
Sigmund is moderately wounded.
Sigmund hits you with a +0 scythe!
You scratch Sigmund.
Sigmund is moderately wounded.
You scratch Sigmund.
Sigmund is heavily wounded.
Sigmund gestures at you while chanting. The puff of flame hits you!
3091 ||| DRINKING potion of heal wounds.
You feel much better. Sigmund barely misses you.
You scratch Sigmund but do no damage.
Sigmund is heavily wounded.
Sigmund hits you with a +0 scythe.
You scratch Sigmund.
Sigmund is severely wounded.
You scratch Sigmund.
Sigmund is almost dead.
Sigmund casts a spell.
Sigmund flickers and vanishes!
Deactivating autopickup; reactivate with Ctrl-A.
You scratch something. Something hits you.
You closely miss something. Your claw misses something. You scratch something.
Something hits you.
You miss something. Something hits you.
You closely miss something. You closely miss something. Something hits you.
You closely miss something. Something hits you!
You die...

..####### .........
## ..####### .. ..#
.# #.# .. ..#######
.# #.......# .#
#######.#########{#
#.........@.#
#############


There were no monsters in sight!

Vanquished Creatures
  A dart slug (D:1)
  4 ball pythons
  An endoplasm (D:1)
  3 giant cockroaches (D:1)
  4 goblins
  2 hobgoblins (D:2)
  5 jackals (D:1)
  3 quokkas (D:1)
  5 bats
  6 rats
34 creatures vanquished.

Notes
Turn   | Place    | Note
-------+----------+-------------------------------------------
     0 | D:1      | qw the Ghoul Fire Elementalist began the quest for the Orb.
     0 | D:1      | Reached XP level 1. HP: 14/14 MP: 2/2
     0 | D:1      | 0 ||| qw: Version: 0.1-a-90-g952f4b7
     0 | D:1      | 0 ||| qw: Game counter: 4307
     0 | D:1      | 0 ||| qw: Always use a shield: true
     0 | D:1      | 0 ||| qw: God list: Okawaru
     0 | D:1      | 0 ||| qw: Allow faded altars: false
     0 | D:1      | 0 ||| qw: Do Orc after D:15 true
     0 | D:1      | 0 ||| qw: Do second Lair branch before Depths: true
     0 | D:1      | 0 ||| qw: Lair rune preference: random
     0 | D:1      | 0 ||| qw: Plans: Normal
     0 | D:1      | 0 ||| PLANNING D:1-11
    50 | D:1      | 50 ||| Stepping ~*~*~tactically~*~*~ (stealth).
    51 | D:1      | 51 ||| Stepping ~*~*~tactically~*~*~ (stealth).
    62 | D:1      | Reached skill level 1 in Unarmed Combat
   185 | D:1      | Reached XP level 2. HP: 10/22 MP: 3/3
   192 | D:1      | Reached skill level 1 in Fighting
   383 | D:1      | 383 ||| Stepping ~*~*~tactically~*~*~ (stealth).
   385 | D:1      | 385 ||| Stepping ~*~*~tactically~*~*~ (stealth).
   488 | D:1      | 488 ||| Stepping ~*~*~tactically~*~*~ (stealth).
   491 | D:1      | 491 ||| Stepping ~*~*~tactically~*~*~ (stealth).
   567 | D:1      | 567 ||| Stepping ~*~*~tactically~*~*~ (stealth).
   579 | D:1      | 579 ||| Stepping ~*~*~tactically~*~*~ (stealth).
   581 | D:1      | 581 ||| Stepping ~*~*~tactically~*~*~ (stealth).
   582 | D:1      | 582 ||| Stepping ~*~*~tactically~*~*~ (stealth).
   583 | D:1      | 583 ||| Stepping ~*~*~tactically~*~*~ (stealth).
   584 | D:1      | 584 ||| Stepping ~*~*~tactically~*~*~ (stealth).
   588 | D:1      | 588 ||| Stepping ~*~*~tactically~*~*~ (stealth).
   592 | D:1      | 592 ||| Stepping ~*~*~tactically~*~*~ (stealth).
   839 | D:1      | 839 ||| Stepping ~*~*~tactically~*~*~ (stealth).
   841 | D:1      | 841 ||| Stepping ~*~*~tactically~*~*~ (stealth).
   857 | D:1      | 857 ||| Stepping ~*~*~tactically~*~*~ (hiding).
   959 | D:1      | 959 ||| Stepping ~*~*~tactically~*~*~ (hiding).
  1061 | D:1      | 1061 ||| Stepping ~*~*~tactically~*~*~ (hiding).
  1163 | D:1      | 1163 ||| Stepping ~*~*~tactically~*~*~ (hiding).
  1265 | D:1      | 1265 ||| Stepping ~*~*~tactically~*~*~ (hiding).
  1367 | D:1      | 1367 ||| Stepping ~*~*~tactically~*~*~ (hiding).
  1469 | D:1      | 1469 ||| Stepping ~*~*~tactically~*~*~ (hiding).
  1571 | D:1      | 1571 ||| Stepping ~*~*~tactically~*~*~ (hiding).
  1673 | D:1      | 1673 ||| Stepping ~*~*~tactically~*~*~ (hiding).
  1775 | D:1      | 1775 ||| Stepping ~*~*~tactically~*~*~ (hiding).
  1780 | D:1      | 1780 ||| Stepping ~*~*~tactically~*~*~ (hiding).
  1958 | D:1      | Reached XP level 3. HP: 28/28 MP: 4/4
  2262 | D:1      | Found a faded altar of an unknown god.
  2548 | D:1      | 2548 ||| UPGRADING to +0 leather armour.
  2558 | D:1      | 2558 ||| DROPPING +0 robe.
  2559 | D:1      | 2559 ||| READING scroll labelled LEEZUN LEHY.
  2560 | D:1      | 2560 ||| READING 3 scrolls labelled QIKUPNI NUARREOGUD.
  2561 | D:1      | 2561 ||| DRINKING 2 fizzy dark potions.
  2562 | D:1      | 2562 ||| DRINKING 2 brown potions.
  2563 | D:1      | 2563 ||| READING 2 scrolls of identify.
  2563 | D:1      | 2563 ||| IDENTIFYING murky yellow potion
  2564 | D:1      | 2564 ||| DROPPING potion of magic.
  2565 | D:1      | 2565 ||| DROPPING potion of flight.
  2669 | D:2      | 2669 ||| Stepping ~*~*~tactically~*~*~ (stealth).
  2671 | D:2      | 2671 ||| Stepping ~*~*~tactically~*~*~ (stealth).
  2750 | D:2      | Found a runed translucent door.
  2751 | D:2      | Noticed Crazy Yiuf
  2834 | D:2      | 2834 ||| Stepping ~*~*~tactically~*~*~ (stealth).
  2977 | D:2      | Noticed Sigmund
  2978 | D:2      | 2978 ||| Stepping ~*~*~tactically~*~*~ (hiding).
  3080 | D:2      | 3080 ||| Stepping ~*~*~tactically~*~*~ (hiding).
  3090 | D:2      | HP: 3/28 [Sigmund/puff of flame (8)]
  3091 | D:2      | 3091 ||| DRINKING potion of heal wounds.
  3100 | D:2      | HP: 4/28 [something (6)]
  3101 | D:2      | Slain by Sigmund

Levels and vault maps discovered:
D:1:      amcnicky_arrival_choice, layout_loops_ring,
          dreamdust_ecumenical_altar_hidden_monk_grotto, kennysheep_doodads,
          minmay_misc_feat_pillars, nicolae_titane
D:2:      layout_loops_ring, uniq_sigmund, uniq_crazy_yiuf_cottage

Skill      XL: |  1  2 |
---------------+-------+-----
Unarmed Combat | 1 2 |  2.9
Fighting       | 1 |  1.1
Dodging        | |  1.7
Stealth        | |  2.1
Spellcasting   | |  1.7
Conjurations   | |  0.7
Fire Magic     | |  2.4

Action                   || total
-------------------------++-------
Melee: Unarmed           ||   149
Throw: Boomerang         ||     3
  Use: Scroll            ||     3
       Potion            ||     3
 Stab: Distracted        ||     1
Armor: Robe              ||    20
       Leather armour    ||     5
Dodge: Dodged            ||    94

Table legend:
 A = Non-vault XP
 B = Vault XP
 C = Vault XP percentage of total XP
 D = Non-vault monster count
 E = Vault monster count
 F = Vault count percentage of total count
                 A         B        C        D         E       F
            +---------+---------+-------+---------+---------+-------
      Total |      55 |       0 |   0.0 |      34 |       0 |   0.0
            +---------+---------+-------+---------+---------+-------
        D:1 |      43 |       0 |   0.0 |      26 |       0 |   0.0
        D:2 |      12 |       0 |   0.0 |       8 |       0 |   0.0
            +---------+---------+-------+---------+---------+-------
